 Dungeon Crawl Stone Soup version 0.25-a0-35-g747a2b3c0c (webtiles) character file.

Game seed: 6260941785803220573, levelgen mode: deterministic

0 Gargoyl the Skirmisher (level 1, -6/19 HPs)
             Began as a Centaur Abyssal Knight on Oct 18, 2019.
             Was a Follower of Lugonu.
             Killed from afar by a thorn hunter (17 damage)
             ... with a volley of thorns
             ... on level 3 of the Abyss.
             The game lasted 00:00:07 (45 turns).

Gargoyl the Skirmisher (Centaur Abyssal Knight)       Turns: 45, Time: 00:00:08

Health: -6/19      AC:  4    Str: 14    XL:     1   Next: 0%
Magic:  2/2        EV:  9    Int: 11    God:    Lugonu [*.....]
Gold:   6          SH:  0    Dex:  8    Spells: 0/0 levels left

rFire    . . .     SeeInvis .   a - +1 hand axe
rCold    . . .     Gourm    .   (no shield)
rNeg     . . .     Faith    .   b - +0 leather armour
rPois    .         Spirit   .   (no helmet)
rElec    .         Reflect  .   (no cloak)
rCorr    .         Harm     .   (no gloves)
MR       .....                  (no barding)
Stlth    ..........             (no amulet)
HPRegen  0.06/turn              (no ring)
MPRegen  0.08/turn              (no ring)

@: very quick
A: large, hooves 3, deformed body, speed 2, tough skin 3
a: Depart the Abyss, Renounce Religion


You were on level 3 of the Abyss.
You worshipped Lugonu.
Lugonu was aware of your devotion.
You were not hungry.

You visited 0 branches of the dungeon, and saw 0 of its levels.
You visited the Abyss 1 time.

You collected 6 gold pieces.

Inventory:

Hand Weapons
 a - a +1 hand axe (weapon)
Armour
 b - a +0 leather armour (worn)
Comestibles
 c - a ration


   Skills:
 + Level 3.0 Fighting
 + Level 1.7 Axes
 + Level 1.3 Armour
 + Level 0.6 Dodging
 + Level 2.0 Invocations


You couldn't memorise any spells.
You didn't know any spells.
Your spell library was empty.

Dungeon Overview and Level Annotations

Branches:
Dungeon (0/15)

Altars:


Innate Abilities, Weirdness & Mutations

You have hooves in place of feet.
Armour fits poorly on your strangely shaped body.
You cover ground very quickly.
You have extremely tough skin. (AC +3)


Message History

Found a gateway leading deeper into the Abyss.
You enter the shallow water.
Moving in this stuff is going to be slow.
Found a corrupted altar of Lugonu.
Found a chain mail.
There is a gateway leading deeper into the Abyss here.
You plunge deeper into the Abyss.
The abyssal rune of Zot can be found at this depth.
A swamp dragon and a lurking horror come into view.
The swamp dragon roars deafeningly!
You hear a roar!
You open the door.
A tentacled starspawn, an apocalypse crab and a thorn hunter come into view.
The lurking horror explodes!
Your body is wracked with pain!
The swamp dragon convulses!
The swamp dragon closely misses you. x2
The swamp dragon tramples you but does no damage.
The thorn hunter fires a volley of thorns at you.
The volley of thorns hits you!
Ouch! That really hurt!
You die...

# #. #..
####
#..#####...#
#.......f#
###_...∩X.#
......t...#
##@## #...#
##D+# ###


You could see a thorn hunter, a tentacled starspawn, a swamp dragon and an
apocalypse crab.

Vanquished Creatures (others)
  A lurking horror (Abyss:3)
1 creature vanquished.

Notes
Turn   | Place    | Note
-------+----------+-------------------------------------------
     0 | Abyss:1  | Gargoyl the Centaur Abyssal Knight began the quest for the
                  | Orb.
     0 | Abyss:1  | Reached XP level 1. HP: 19/19 MP: 2/2
    39 | Abyss:2  | Found a corrupted altar of Lugonu.
    43 | Abyss:3  | Noticed a swamp dragon
    44 | Abyss:3  | Noticed a thorn hunter
    44 | Abyss:3  | Noticed a tentacled starspawn
    44 | Abyss:3  | Noticed an apocalypse crab
    45 | Abyss:3  | Found a corrupted altar of Lugonu.
    45 | Abyss:3  | Killed from afar by a thorn hunter

Levels and vault maps discovered:
Abyss:3:  evilmike_abyss_exit_mutagenic, nicolae_abyss_rune_left_handed,
          minivault_5

Action                   || total
-------------------------++-------
Armor: Leather armour    ||     1
Dodge: Dodged            ||     2

Table legend:
 A = Non-vault XP
 B = Vault XP
 C = Vault XP percentage of total XP
 D = Non-vault monster count
 E = Vault monster count
 F = Vault count percentage of total count
                 A         B        C        D         E       F
            +---------+---------+-------+---------+---------+-------
      Total |       0 |       0 |   N/A |       0 |       0 |  -nan
            +---------+---------+-------+---------+---------+-------
            +---------+---------+-------+---------+---------+-------
